 Dungeon Crawl Stone Soup version 0.21.1-1-g345015f (webtiles) character file.

4 Monsterracer the Chiller (level 1, 0/7 HPs)
             Began as a Felid Ice Elementalist on Feb 9, 2018.
             Hit by a stone thrown by a kobold (2 damage)
             ... on level 1 of the Dungeon.
             The game lasted 00:01:24 (65 turns).

Monsterracer the Chiller (Felid Ice Elementalist)     Turns: 65, Time: 00:01:24

Health: 0/7        AC:  1    Str:  4    XL:     1   Next: 50%
Magic:  2/4        EV: 18    Int: 16    God:
Gold:   0          SH:  0    Dex: 16    Spells: 3/4 levels left
                                        Lives:  0   Deaths: 0

rFire    . . .     SeeInvis +   (weapon unavailable)
rCold    . . .     Gourm    .   (shield unavailable)
rNeg     . . .     Faith    .   (armour unavailable)
rPois    .         Spirit   .   (helmet unavailable)
rElec    .         Reflect  .   (cloak unavailable)
rCorr    .         Harm     .   (gloves unavailable)
MR       .....                  (boots unavailable)
Stlth    +++.......             (no amulet)
HPRegen  0.02/turn              (no ring)
MPRegen  0.09/turn              (no ring)

@: quick
A: very small, no armour, no weapons or thrown items, stealth, claws 1, fangs 3,
see invisible, carnivore, speed 1, shaggy fur 1, slow metabolism 1, sharp paws
a: no special abilities


You were on level 1 of the Dungeon.
You were not hungry.

You visited 1 branch of the dungeon, and saw 1 of its levels.

Inventory:

Scrolls
 b - a scroll of enchant weapon {unknown}
 d - a scroll of teleportation {unknown}
Books
 a - a book of Frost

   Spells                             Type                      Level
   a - Freeze                         Ice                          1
   b - Throw Frost                    Conjuration/Ice              2
   c - Ozocubu's Armour               Charms/Ice                   3
   d - Throw Icicle                   Conjuration/Ice              4
   e - Summon Ice Beast               Ice/Summoning                4
Comestibles
 c - 3 rations


   Skills:
 - Level 2.6 Dodging
 - Level 2.6 Stealth
 + Level 2.1 Spellcasting
   Level 0.8 Conjurations
 * Level 2.9 Ice Magic


You had 3 spell levels left.
You knew the following spells:

 Your Spells              Type           Power        Failure   Level  Hunger
a - Freeze                Ice            ##..         6%          1    #......


Dungeon Overview and Level Annotations

Branches:
Dungeon (1/15)

Altars:


Innate Abilities, Weirdness & Mutations

You cannot wear armour.
You are incapable of wielding weapons or throwing items.
Your paws allow you to move quietly. (Stealth)
You have sharp claws.
You have razor-sharp teeth.
You have supernaturally acute eyesight. (SInv)
You are carnivorous and can eat meat at any time.
You cover ground quickly.
You are covered in fur. (AC +1)
You have a slow metabolism.
Your sharp claws are effective at attacking unaware monsters.


Message History

c - a ration Welcome, Monsterracer the Felid Ice Elementalist.
It is said that the Orb of Zot exists deep within this dungeon.
Press ? for a list of commands and other information.
Found four items.
Found a staircase leading out of the dungeon.
Unknown command.
You scratch the plant but do no damage.
Found a stone staircase leading down.
c - 2 rations (gained 1)
b - a scroll labeled FOAFFEOTAVA
Found a chain mail.
d - a scroll labeled EFEYRE YPLIFAV You see here a plate armour.
As you open the door, it creaks loudly!
There is an open door here.
A rat comes into view.
Found 7 needles of confusion.
A rat is nearby!
You scratch the rat.
You kill the rat!
No target in view!
No target in view!
A rat comes into view.
A rat is nearby!
A hobgoblin comes into view.
The hobgoblin shouts!
Found a ration.
Found a cyan potion.
You scratch the rat.
You kill the rat!
You scratch the hobgoblin.
The hobgoblin is heavily wounded.
The hobgoblin closely misses you.
You scratch the hobgoblin but do no damage.
The hobgoblin is heavily wounded.
The hobgoblin completely misses you.
You scratch the hobgoblin. Your bite misses the hobgoblin.
The hobgoblin is almost dead.
The hobgoblin hits you.
Ouch! That really hurt!
* * * LOW HITPOINT WARNING * * *
You take 5 damage, and have 2/7 hp.
MASSIVE DAMAGE!!
A goblin comes into view.
The goblin shouts!
You hear a shout!
You see here a ration.
Casting: Freeze
Confirm with . or Enter, or press ? or * to list all spells.
You can't see any susceptible monsters within range! (Use Z to cast anyway.) Unknown command.
The hobgoblin misses you.
Casting: Freeze
Confirm with . or Enter, or press ? or * to list all spells.
Aiming: Freeze
Press: ? - help, Shift-Dir - straight line, f - hobgoblin
Aim: a hobgoblin (almost dead)
You freeze the hobgoblin.
You kill the hobgoblin!
You now have 3/4 mp.
The goblin hits you.
* * * LOW HITPOINT WARNING * * *
You take 1 damage, and have 1/7 hp.
Casting: Freeze
Confirm with . or Enter, or press ? or * to list all spells.
Aiming: Freeze
Press: ? - help, Shift-Dir - straight line, f - goblin
Aim: a goblin You freeze the goblin.
The goblin is moderately wounded.
The goblin barely misses you.
You now have 2/4 mp.
Casting: Freeze
Confirm with . or Enter, or press ? or * to list all spells.
Aiming: Freeze
Press: ? - help, Shift-Dir - straight line, f/p - goblin
Aim: a goblin (moderately wounded)
You freeze the goblin.
You kill the goblin!
You now have 1/4 mp.
c - 3 rations (gained 1)
You see here a hobgoblin corpse.
You start resting.
A hobgoblin comes into view.
A kobold comes into view. It is wielding a club.
The kobold throws a stone.
The stone misses you.
You see here a stone.
The kobold throws a stone.
The stone barely misses you.
The kobold throws a stone.
The stone hits you.
You die...

###..##.^........
..!...........#
#............# #
#..##..g..####..# ###.
##...†...........#
....K##.###.##.######.##
#....(# #..(.....#
#.###.###.##.###.#
#......@..##.# #.#
#.##+###########'#
[#.#♣♣♣♣♣#.#.#
.........[...#
♣..♣.♣..♣..#
#♣♣..≈..♣♣#≈#
#P♣.≈≈≈.♣P#≈#
#<..≈8≈..>#≈#
#P♣.≈≈≈.♣P#≈#


You could see a kobold.

Vanquished Creatures
  A goblin (D:1)
  A hobgoblin (D:1)
  2 rats (D:1)
4 creatures vanquished.

Notes
Turn   | Place    | Note
-------+----------+-------------------------------------------
     0 | D:1      | Monsterracer the Felid Ice Elementalist began the quest for the Orb.
     0 | D:1      | Reached XP level 1. HP: 7/7 MP: 4/4
    38 | D:1      | HP: 2/7 [hobgoblin (5)]
    50 | D:1      | HP: 1/7 [goblin (1)]
    65 | D:1      | Hit by a stone thrown by a kobold

Action                   || total
-------------------------++-------
Melee: Unarmed           ||     6
       Bite              ||     1
 Cast: Freeze            ||     3
Dodge: Dodged            ||     6

Vault maps used:
D:1:      tarquinn_simple_flora_water_b
